| TOP OF THE 1ST |
|
Dayton Dragons batting - Pitching for Great Lakes Loons : LHP Terry LaPlante
|
|
Pitching: LHP Terry LaPlante
|
|
|
Batting: LHB Leo Gomez
|
0-0: Ball 1-0: Foul Ball, location: 2F 1-1: Swinging Strike 1-2: Strikes out looking
|
|
Batting: RHB Andy Bachman
|
0-0: Called Strike 0-1: Swinging Strike 0-2: Strikes out swinging
|
|
Batting: RHB Chris Zamora
|
0-0: Ball 1-0: SINGLE (Line Drive, 8LS, EV 111.9 MPH)
|
|
Batting: RHB Jake Savell
|
0-0: Foul Ball, location: 2F 0-1: Ball Passed Ball! Chris Zamora to second 1-1: Ball 2-1: Swinging Strike Balk! Chris Zamora to third 2-2: Foul Ball, location: 2F 2-2: Foul Ball, location: 2F 2-2: Ground out U3 (Groundball, 34S, EV 72.5 MPH)
|
| Top of the 1st over - 0 runs, 1 hit, 0 errors, 1 left on base; Dayton 0 - Great Lakes 0 |
| BOTTOM OF THE 1ST |
|
Great Lakes Loons batting - Pitching for Dayton Dragons : LHP Jason St. Clair
|
|
Pitching: LHP Jason St. Clair
|
|
|
Batting: RHB Ruben Serrata
|
0-0: Foul Ball, location: 2F 0-1: Ball 1-1: Foul Ball, location: 2F 1-2: Ball 2-2: DOUBLE (Flyball, 78XD, EV 91.9 MPH)
|
|
Batting: LHB Tore Bosch
|
0-0: Called Strike 0-1: Ball 1-1: Ball Passed Ball! Ruben Serrata to third 2-1: Swinging Strike 2-2: Strikes out looking
|
|
Batting: RHB Eddie Perry
|
0-0: Called Strike 0-1: Foul Ball, location: 2F 0-2: Ball 1-2: Ball 2-2: Fly out, F7 (Flyball, 7, EV 89.4 MPH) Runner from 3rd tags up, SCORES, throw by LF
|
|
Batting: RHB Javier Solis
|
0-0: Ball 1-0: Swinging Strike 1-1: Called Strike 1-2: Strikes out swinging
|
| Bottom of the 1st over - 1 run, 1 hit, 0 errors, 0 left on base; Dayton 0 - Great Lakes 1 |
| TOP OF THE 2ND |
|
Dayton Dragons batting - Pitching for Great Lakes Loons : LHP Terry LaPlante
|
|
Batting: LHB Matt Kennedy
|
0-0: Called Strike 0-1: Ball 1-1: Ball 2-1: Swinging Strike 2-2: Strikes out swinging
|
|
Batting: LHB Jeremy Robertson
|
0-0: Called Strike 0-1: Ball 1-1: Fly out, F8 (Line Drive, 8RM, EV 85.6 MPH)
|
|
Batting: LHB Chris Redhead
|
0-0: Called Strike 0-1: Ball 1-1: Foul Ball, location: 2F 1-2: SINGLE (Groundball, 6MD, EV 102.5 MPH)
|
|
Batting: RHB Aaron Barraza
|
0-0: Called Strike Chris Redhead steals 2nd base 0-1: Ball 1-1: Called Strike 1-2: Strikes out swinging
|
| Top of the 2nd over - 0 runs, 1 hit, 0 errors, 1 left on base; Dayton 0 - Great Lakes 1 |
| BOTTOM OF THE 2ND |
|
Great Lakes Loons batting - Pitching for Dayton Dragons : LHP Jason St. Clair
|
|
Batting: SHB Xavier Alaniz
|
0-0: Ball 1-0: Called Strike 1-1: Swinging Strike 1-2: Foul Ball, location: 2F 1-2: Ball 2-2: Strikes out looking
|
|
Batting: RHB Jason Baldwin
|
0-0: Called Strike 0-1: Ball 1-1: Ground out 5-3 (Groundball, 5, EV 106.9 MPH)
|
|
Batting: RHB Justin Curran
|
0-0: Ground out 6-3 (Groundball, 6, EV 99.4 MPH)
|
| Bottom of the 2nd over - 0 runs, 0 hits, 0 errors, 0 left on base; Dayton 0 - Great Lakes 1 |
| TOP OF THE 3RD |
|
Dayton Dragons batting - Pitching for Great Lakes Loons : LHP Terry LaPlante
|
|
Batting: RHB Yutaka Sato
|
0-0: Ball 1-0: Foul Ball, location: 2F 1-1: Called Strike 1-2: Ball 2-2: Ball 3-2: Ground out 5-3 (Groundball, 5S, EV 83.8 MPH)
|
|
Batting: LHB Leo Gomez
|
0-0: Foul Ball, location: 2F 0-1: Ball 1-1: Swinging Strike 1-2: Strikes out swinging
|
|
Batting: RHB Andy Bachman
|
0-0: Ball 1-0: Foul Ball, location: 2F 1-1: Swinging Strike 1-2: Ball 2-2: Foul Ball, location: 2F 2-2: Strikes out looking
|
| Top of the 3rd over - 0 runs, 0 hits, 0 errors, 0 left on base; Dayton 0 - Great Lakes 1 |
| BOTTOM OF THE 3RD |
|
Great Lakes Loons batting - Pitching for Dayton Dragons : LHP Jason St. Clair
|
|
Batting: RHB Trevor Conklin
|
0-0: Called Strike 0-1: Ball 1-1: Swinging Strike 1-2: Ball 2-2: Strikes out swinging
|
|
Batting: LHB Jim Jardine
|
0-0: Ball 1-0: Ball 2-0: Called Strike 2-1: SINGLE (Line Drive, 34D, EV 108.1 MPH)
|
|
Batting: RHB Ruben Serrata
|
0-0: Ball 1-0: Called Strike 1-1: Foul Ball, location: 2F 1-2: Foul Ball, location: 2F 1-2: SINGLE (Groundball, 56D, EV 100.6 MPH) Jim Jardine to second
|
|
Batting: LHB Tore Bosch
|
0-0: Ball Wild Pitch! Jim Jardine to third Ruben Serrata to second 1-0: Ball 2-0: Fly out, F7 (Flyball, 7, EV 86.9 MPH) Runner from 3rd tags up, SCORES, throw by LF
|
|
Batting: RHB Eddie Perry
|
0-0: Called Strike 0-1: Ball 1-1: 2-RUN HOME RUN (Flyball, 78XD, EV 106.9 MPH), Distance : 435 ft
|
|
Batting: RHB Javier Solis
|
0-0: Called Strike 0-1: Ground out 6-3 (Groundball, 6, EV 86.2 MPH)
|
| Bottom of the 3rd over - 3 runs, 3 hits, 0 errors, 0 left on base; Dayton 0 - Great Lakes 4 |
| TOP OF THE 4TH |
|
Dayton Dragons batting - Pitching for Great Lakes Loons : LHP Terry LaPlante
|
|
Batting: RHB Chris Zamora
|
0-0: Ball 1-0: Foul Ball, location: 2F 1-1: Swinging Strike 1-2: Ground out 3-1 (Groundball, 34, EV 100.6 MPH)
|
|
Batting: RHB Jake Savell
|
0-0: Called Strike 0-1: Fly out, F8 (Line Drive, 8RS, EV 96.2 MPH)
|
|
Batting: LHB Matt Kennedy
|
0-0: Foul Ball, location: 2F 0-1: Foul Ball, location: 2F 0-2: Foul Ball, location: 2F 0-2: SINGLE (Groundball, 4MS, EV 66.2 MPH) (infield hit)
|
|
Batting: LHB Jeremy Robertson
|
0-0: Swinging Strike 0-1: Foul Ball, location: 2F 0-2: Strikes out looking
|
| Top of the 4th over - 0 runs, 1 hit, 0 errors, 1 left on base; Dayton 0 - Great Lakes 4 |
| BOTTOM OF THE 4TH |
|
Great Lakes Loons batting - Pitching for Dayton Dragons : LHP Jason St. Clair
|
|
Batting: SHB Xavier Alaniz
|
0-0: Foul Ball, location: 2F 0-1: Ball 1-1: Foul Ball, location: 2F 1-2: Foul Ball, location: 2F 1-2: Strikes out looking
|
|
Batting: RHB Jason Baldwin
|
0-0: Ball 1-0: Called Strike 1-1: Ground out 5-3 (Groundball, 5S, EV 81.9 MPH)
|
|
Batting: RHB Justin Curran
|
0-0: Swinging Strike 0-1: Ball 1-1: Ball 2-1: Ball 3-1: Foul Ball, location: 2F 3-2: Strikes out swinging
|
| Bottom of the 4th over - 0 runs, 0 hits, 0 errors, 0 left on base; Dayton 0 - Great Lakes 4 |
| TOP OF THE 5TH |
|
Dayton Dragons batting - Pitching for Great Lakes Loons : LHP Terry LaPlante
|
|
Batting: LHB Chris Redhead
|
0-0: Called Strike 0-1: Swinging Strike 0-2: Strikes out swinging
|
|
Batting: RHB Aaron Barraza
|
0-0: Ball 1-0: Ground out 6-3 (Groundball, 6, EV 86.9 MPH)
|
|
Batting: RHB Yutaka Sato
|
0-0: Called Strike 0-1: Swinging Strike 0-2: Ball 1-2: SINGLE (Flyball, 78S, EV 93.1 MPH)
|
|
Batting: LHB Leo Gomez
|
0-0: Called Strike 0-1: 2-RUN HOME RUN (Flyball, 9D, EV 97.5 MPH), Distance : 369 ft
|
|
Batting: RHB Andy Bachman
|
0-0: DOUBLE (Line Drive, 9LM, EV 103.1 MPH)
|
|
Batting: RHB Chris Zamora
|
0-0: Called Strike 0-1: Fly out, F9 (Flyball, 89S, EV 91.9 MPH)
|
| Top of the 5th over - 2 runs, 3 hits, 0 errors, 1 left on base; Dayton 2 - Great Lakes 4 |
| BOTTOM OF THE 5TH |
|
Great Lakes Loons batting - Pitching for Dayton Dragons : LHP Jason St. Clair
|
|
Batting: RHB Trevor Conklin
|
0-0: Called Strike 0-1: Called Strike 0-2: Strikes out swinging
|
|
Batting: LHB Jim Jardine
|
0-0: Ball 1-0: Called Strike 1-1: Called Strike 1-2: Ball 2-2: Strikes out swinging
|
|
Batting: RHB Ruben Serrata
|
0-0: Ball 1-0: Ground out 4-3 (Groundball, 34, EV 98.1 MPH)
|
| Bottom of the 5th over - 0 runs, 0 hits, 0 errors, 0 left on base; Dayton 2 - Great Lakes 4 |
| TOP OF THE 6TH |
|
Dayton Dragons batting - Pitching for Great Lakes Loons : LHP Terry LaPlante
|
|
Batting: RHB Jake Savell
|
0-0: Called Strike 0-1: Foul Ball, location: 2F 0-2: Fly out, F9 (Line Drive, 9D, EV 88.8 MPH)
|
|
Batting: LHB Matt Kennedy
|
0-0: Ball 1-0: Called Strike 1-1: Ball 2-1: Ball 3-1: Swinging Strike 3-2: DOUBLE (Line Drive, 89M, EV 104.4 MPH)
|
|
Batting: LHB Jeremy Robertson
|
0-0: Ball 1-0: TRIPLE (Flyball, 78XD, EV 100.6 MPH) Matt Kennedy scores
|
|
Batting: LHB Chris Redhead
|
0-0: Called Strike 0-1: Called Strike 0-2: Strikes out looking
|
|
Batting: RHB Aaron Barraza
|
0-0: Ball 1-0: Fly out, F9 (Line Drive, 9S, EV 100.0 MPH)
|
| Top of the 6th over - 1 run, 2 hits, 0 errors, 1 left on base; Dayton 3 - Great Lakes 4 |
| BOTTOM OF THE 6TH |
|
Great Lakes Loons batting - Pitching for Dayton Dragons : LHP Jason St. Clair
|
|
Batting: LHB Tore Bosch
|
0-0: Ball 1-0: Called Strike 1-1: Ball 2-1: Called Strike 2-2: Ball 3-2: Ground out 4-3 (Groundball, 4M, EV 104.4 MPH)
|
|
Batting: RHB Eddie Perry
|
0-0: Ball 1-0: DOUBLE (Line Drive, 89XD, EV 98.8 MPH)
|
|
Batting: RHB Javier Solis
|
0-0: Intentional Walk
|
|
Batting: SHB Xavier Alaniz
|
0-0: Ball 1-0: Grounds into double play, 4-6-3 (Groundball, 4M, EV 84.4 MPH)
|
| Bottom of the 6th over - 0 runs, 1 hit, 0 errors, 1 left on base; Dayton 3 - Great Lakes 4 |
| TOP OF THE 7TH |
|
Dayton Dragons batting - Pitching for Great Lakes Loons : LHP Terry LaPlante
|
|
Batting: RHB Yutaka Sato
|
0-0: Ball 1-0: Called Strike 1-1: Ball 2-1: Called Strike 2-2: Ball 3-2: Foul Ball, location: 2F 3-2: Base on Balls
|
|
Batting: LHB Leo Gomez
|
0-0: Ball 1-0: Ball 2-0: Ball Yutaka Sato is caught stealing 2nd base 2-6 3-0: Base on Balls
|
|
Batting: RHB Andy Bachman
|
0-0: Fly out, F7 (Flyball, 7, EV 76.9 MPH)
|
|
Batting: RHB Chris Zamora
|
0-0: Ball Leo Gomez steals 2nd base 1-0: Ball 2-0: Ball 3-0: Called Strike 3-1: Foul Ball, location: 2F 3-2: Ground out 5-3 (Groundball, 56, EV 86.2 MPH)
|
| Top of the 7th over - 0 runs, 0 hits, 0 errors, 1 left on base; Dayton 3 - Great Lakes 4 |
| BOTTOM OF THE 7TH |
|
Great Lakes Loons batting - Pitching for Dayton Dragons : LHP Jason St. Clair
|
|
Batting: RHB Jason Baldwin
|
0-0: Ball 1-0: Called Strike 1-1: Swinging Strike 1-2: Ball 2-2: Ball 3-2: Strikes out looking
|
|
Pitching: RHP Aaron McArdle
|
|
|
Batting: RHB Justin Curran
|
0-0: SOLO HOME RUN (Flyball, 78XD, EV 96.9 MPH), Distance : 399 ft
|
|
Batting: RHB Trevor Conklin
|
0-0: Foul Ball, location: 2F 0-1: DOUBLE (Groundball, 3L, EV 101.2 MPH)
|
|
Batting: LHB Jim Jardine
|
0-0: Ball 1-0: Called Strike 1-1: Called Strike 1-2: Ball 2-2: Ball 3-2: Base on Balls
|
|
Batting: RHB Ruben Serrata
|
0-0: Called Strike 0-1: Ball 1-1: Ball 2-1: Ball 3-1: Base on Balls Trevor Conklin to third Jim Jardine to second
|
|
Batting: LHB Tore Bosch
|
0-0: Called Strike 0-1: Called Strike 0-2: Foul Ball, location: 2F 0-2: Ball 1-2: SINGLE (Groundball, 5, EV 102.5 MPH) Trevor Conklin scores Jim Jardine to third Ruben Serrata to second
|
|
Batting: RHB Eddie Perry
|
0-0: Ball 1-0: SINGLE (Groundball, 6M, EV 99.4 MPH) Jim Jardine scores Ruben Serrata to third Tore Bosch to second Runner from 3rd tries for Home, SAFE, throw by CF to home
|
|
Pitching: RHP Jose Marrero
|
|
|
Batting: RHB Javier Solis
|
0-0: Called Strike 0-1: Called Strike 0-2: Strikes out swinging
|
|
Batting: SHB Xavier Alaniz
|
0-0: Foul Ball, location: 2F 0-1: Swinging Strike 0-2: Ball 1-2: Strikes out swinging
|
| Bottom of the 7th over - 4 runs, 4 hits, 0 errors, 2 left on base; Dayton 3 - Great Lakes 8 |
| TOP OF THE 8TH |
|
Dayton Dragons batting - Pitching for Great Lakes Loons : LHP Terry LaPlante
|
|
Pitching: RHP Mike Richardson
|
|
|
Batting: RHB Jake Savell
|
0-0: Ball 1-0: Ground out 4-3 (Groundball, 4MD, EV 103.8 MPH)
|
|
Batting: LHB Matt Kennedy
|
0-0: Ball 1-0: Foul Ball, location: 2F 1-1: Foul Ball, location: 2F 1-2: Foul Ball, location: 2F 1-2: Foul Ball, location: 2F 1-2: Strikes out swinging
|
|
Batting: LHB Jeremy Robertson
|
0-0: Ground out 6-3 (Groundball, 6M, EV 83.1 MPH)
|
| Top of the 8th over - 0 runs, 0 hits, 0 errors, 0 left on base; Dayton 3 - Great Lakes 8 |
| BOTTOM OF THE 8TH |
|
Great Lakes Loons batting - Pitching for Dayton Dragons : RHP Jose Marrero
|
|
Batting: RHB Jason Baldwin
|
0-0: Ball 1-0: Called Strike 1-1: Ball 2-1: SINGLE (Groundball, 6MD, EV 98.1 MPH)
|
|
Batting: RHB Justin Curran
|
0-0: Ball 1-0: Ball 2-0: Swinging Strike 2-1: Swinging Strike 2-2: Strikes out swinging
|
|
Batting: RHB Trevor Conklin
|
0-0: Called Strike Jason Baldwin is caught stealing 2nd base 2-4 0-1: Ball 1-1: Foul Ball, location: 2F 1-2: Ball 2-2: Strikes out swinging
|
| Bottom of the 8th over - 0 runs, 1 hit, 0 errors, 0 left on base; Dayton 3 - Great Lakes 8 |
| TOP OF THE 9TH |
|
Dayton Dragons batting - Pitching for Great Lakes Loons : RHP Mike Richardson
|
|
Batting: LHB Chris Redhead
|
0-0: Ball 1-0: Ball 2-0: Fly out, F8 (Flyball, 8LM, EV 90.0 MPH)
|
|
Batting: RHB Aaron Barraza
|
0-0: Called Strike 0-1: Swinging Strike 0-2: Ball 1-2: Strikes out swinging
|
|
Batting: RHB Yutaka Sato
|
0-0: Foul Ball, location: 2F 0-1: Foul Ball, location: 2F 0-2: Strikes out swinging
|
| Top of the 9th over - 0 runs, 0 hits, 0 errors, 0 left on base; Dayton 3 - Great Lakes 8 |
|